cohdb
Replays
Latest Replays
All Replays
Popular Replays
Top Player Replays
Match Explorer
How It Works
Community
CoH3 Stats
Reddit
Sign in to upload your games and track your stats! →
Sign in with Steam
Match 42559015
Unlisted
Match 42559015
Overview
Messages
Build Orders
End
Selects Airborne Battlegroup
Selects Heavy Machine Gun Paradrop
Heavy Machine Gun Paradrop
Construct Barracks
Riflemen Squad
Mechanized Support Center
Construct Medical Station
Selects Paratrooper Squad Paradrop
Paratrooper Squad Paradrop
Paratrooper Squad Paradrop
Engineer Squad
Riflemen Squad
Construct Tank Depot
Selects Recon Loiter
Selects Anti-tank Gun Team Paradrop
Selects Supply Drop
.30 cal Machine Gun
M4A1 Sherman Medium Tank
M4A1 76mm Conversion
Mortar Pit
M4A1(76) Sherman Medium Tank
A_Smoove
Roppa
银小泊
Lin
0
0
Comments
sign in to comment!
No comments posted yet!